 Dungeon Crawl Stone Soup version 0.25-a0-942-g87a53962fc (webtiles) character file.

Game seed: 8568874905629629008, levelgen mode: deterministic

436 tilp the Bolt Thrower (level 7, -3/43 HPs)
             Began as a Kobold Arcane Marksman on May 7, 2020.
             Shot with an arrow by a centaur (10 damage)
             ... on level 5 of the Dungeon.
             The game lasted 00:12:53 (5552 turns).

tilp the Bolt Thrower (Kobold Arcane Marksman)      Turns: 5552, Time: 00:12:53

Health: -3/43      AC:  7    Str:  9    XL:     7   Next: 21%
Magic:  8/10       EV: 15    Int: 14    God:
Gold:   130        SH:  0    Dex: 16    Spells: 5/8 levels left

rFire    . . .     SeeInvis .   a - +0 hand crossbow
rCold    . . .     Gourm    .   (shield restricted)
rNeg     . . .     Faith    .   i - +0 robe (curse)
rPois    .         Spirit   .   (no helmet)
rElec    .         Reflect  .   r - +1 cloak
rCorr    .         Harm     .   o - +2 pair of gloves {archery}
MR       .....                  (no boots)
Stlth    +.........             (no amulet)
HPRegen  0.14/turn              (no ring)
MPRegen  0.12/turn              (no ring)

@: very slightly contaminated
A: small, carnivore
a: no special abilities


You were on level 5 of the Dungeon.
You were very full.

You visited 1 branch of the dungeon, and saw 5 of its levels.

You collected 130 gold pieces.

Inventory:

Hand Weapons
 a - a +0 hand crossbow (weapon)
 b - a +0 whip
 u - a +3 whip
 v - a +0 broad axe
 y - a +0 mace
Missiles
 d - 12 bolts (quivered)
 k - 2 throwing nets
 l - 6 poisoned darts
Armour
 i - a cursed +0 robe (worn)
 o - a +2 pair of gloves of archery (worn)
 r - a +1 cloak (worn)
Jewellery
 q - an uncursed ring of flight {unknown}
 x - an uncursed ring of stealth {unknown}
Wands
 t - a wand of paralysis (8)
 z - a wand of acid (8)
 A - a wand of polymorph (11)
Scrolls
 g - 2 scrolls of fog
 j - 2 scrolls of teleportation
 m - 2 scrolls of amnesia
 p - 2 scrolls of enchant armour {unknown}
 w - a scroll of random uselessness {unknown}
Potions
 f - a potion of lignification
 h - 3 potions of invisibility
 n - a potion of resistance
 s - a potion of flight {unknown}
Comestibles
 c - 8 rations


   Skills:
 - Level 4.0 Fighting
 - Level 6.0 Crossbows
 - Level 2.4 Dodging
 + Level 1.4 Spellcasting
 + Level 3.1 Hexes
 - Level 4.0 Evocations


You had 5 spell levels left.
You knew the following spells:

 Your Spells              Type           Power        Failure   Level  Hunger
a - Corona                Hex            #......      7%          1    ##.....
b - Slow                  Hex            #.......     11%         2    ###....

Your spell library contained the following spells:

 Spells                   Type           Power        Failure   Level  Hunger
 Inner Flame              Hex/Fire       #.......     36%         3    ####...
 Portal Projectile        Hex/Tloc       #.....       36%         3    ####...
 Cause Fear               Hex            #.........   56%         4    #####..
 Leda's Liquefaction      Hex/Erth       #.........   78%         4    #####..


Dungeon Overview and Level Annotations

Branches:
Dungeon (5/15)
 Temple: D:4-7

Altars:
Yredelemnul


Innate Abilities, Weirdness & Mutations

You are small and have problems with some larger weapons.
You are carnivorous and can eat meat at any time.


Message History

Aim: a centaur, wielding a +0 shortbow and quivering 9 arrows (heavily wounded)
You shoot a bolt. The bolt closely misses the centaur.
The bolt hits the leopard gecko zombie.
The leopard gecko zombie is heavily damaged.
The centaur shoots an arrow.
The arrow hits you.
* * * LOW HITPOINT WARNING * * *
The centaur shoots an arrow.
The arrow hits you!
* * * LOW HITPOINT WARNING * * *
Firing (i - inventory. (/) - cycle)
d - 13 bolts (quivered)
Press: ? - help, Shift-Dir - straight line, f/p - centaur
Aim: a centaur, wielding a +0 shortbow and quivering 7 arrows (heavily wounded)
You shoot a bolt. The bolt hits the centaur!
The centaur is almost dead.
The centaur shoots an arrow.
The arrow hits you!
* * * LOW HITPOINT WARNING * * *
The centaur shoots an arrow.
The arrow hits you.
* * * LOW HITPOINT WARNING * * *
Unknown command.
You feel better.
The centaur shoots an arrow.
The arrow hits you!
You die...

..##).......# #..##.#.#
#.#####.#.#####..##.#.#
#.# #...............###
#.# ###+#########.....#
..# ... #####.# ###
.... #####.## ## .....
##.##...## .###
>.....####....###.##
.... .....Zc(@....##
##.# .###
......####...# #.# ##
..... ##..## ##.# #
.... ###.###.## ...
##...## #+# #.### #.#
#.# #########.# #.#
..)....##.## #.#


You could see a centaur and a leopard gecko zombie.

Vanquished Creatures
  A necrophage (D:5)
  A howler monkey (D:4)
  An orc priest (D:5)
  2 worker ants (D:4)
  A hound zombie (D:3)
  8 adders
  4 gnolls (D:3)
  An ooze (D:1)
  4 worms
  3 dart slugs
  A leopard gecko (D:5)
  11 orcs
  6 giant cockroaches
  6 hobgoblins (D:1)
  8 jackals
  A quokka (D:3)
  2 ball pythons
  10 bats
  4 frilled lizards
  4 goblins (D:2)
  5 kobolds
  A quokka skeleton (D:4)
  5 rats
90 creatures vanquished.

Notes
Turn   | Place    | Note
-------+----------+-------------------------------------------
     0 | D:1      | tilp the Kobold Arcane Marksman began the quest for the
                  | Orb.
     0 | D:1      | Reached XP level 1. HP: 12/12 MP: 2/2
   304 | D:1      | Reached XP level 2. HP: 14/17 MP: 0/3
   574 | D:1      | Learned a level 2 spell: Slow
   677 | D:1      | Reached XP level 3. HP: 10/23 MP: 1/4
  1942 | D:2      | Reached XP level 4. HP: 29/29 MP: 3/5
  2065 | D:2      | Reached skill level 3 in Crossbows
  2894 | D:3      | Reached skill level 4 in Crossbows
  2894 | D:3      | Reached XP level 5. HP: 33/33 MP: 3/6
  3655 | D:3      | Reached skill level 5 in Crossbows
  3659 | D:3      | HP: 1/33 [gnoll/+0 spear (6)]
  3815 | D:4      | Reached XP level 6. HP: 34/38 MP: 5/7
  3854 | D:4      | Noticed a phantom
  4371 | D:4      | Reached skill level 6 in Crossbows
  4371 | D:4      | Reached skill level 1 in Evocations
  4959 | D:5      | Entered Level 5 of the Dungeon
  5230 | D:5      | Found a basalt altar of Yredelemnul.
  5371 | D:5      | Noticed a necrophage
  5384 | D:5      | Killed a necrophage
  5384 | D:5      | Reached XP level 7. HP: 32/43 MP: 8/10
  5551 | D:5      | HP: 2/43 [centaur/arrow (3)]
  5552 | D:5      | Shot with an arrow by a centaur

Levels and vault maps discovered:
D:1:      wheals_arrival_linesprint, layout_loops_ring, grunt_decor_one_mirror,
          nrook_uturn, palyth_stone_intersect
D:2:      layout_rooms
D:3:      layout_loops_ring
D:4:      layout_basic, minmay_statues_item, minmay_fractal_squares_gapless_5
D:5:      layout_loops_corners, first_ration, grunt_decor_mini_mirrors,
          yredelemnul_altar_generic

Skill      XL: |  1  2  3  4  5  6 |
---------------+-------------------+-----
Fighting       | 2 3 4 |  4.0
Crossbows      | 4 5 6 |  6.0
Evocations     | 4 |  4.0
Dodging        | |  2.4
Spellcasting   | |  1.4
Hexes          | |  3.1

Action                   |  1- 3 |  4- 6 |  7- 9 || total
-------------------------+-------+-------+-------++-------
Melee: Whip              |    52 |   152 |       ||   204
 Fire: Hand crossbow     |    43 |    83 |     5 ||   131
 Cast: Corona            |    29 |    39 |     2 ||    70
       Slow              |       |     4 |       ||     4
  Use: Scroll            |       |     7 |     1 ||     8
       Potion            |       |     1 |     1 ||     2
 Stab: Sleeping          |       |     2 |       ||     2
  Eat: Chunk             |    13 |    12 |       ||    25
Armor: Robe              |    17 |    64 |       ||    81
Dodge: Dodged            |    75 |   170 |     1 ||   246

Table legend:
 A = Non-vault XP
 B = Vault XP
 C = Vault XP percentage of total XP
 D = Non-vault monster count
 E = Vault monster count
 F = Vault count percentage of total count
                 A         B        C        D         E       F
            +---------+---------+-------+---------+---------+-------
      Total |     621 |       3 |   0.5 |      89 |       1 |   1.1
            +---------+---------+-------+---------+---------+-------
        D:1 |      59 |       0 |   0.0 |      23 |       0 |   0.0
        D:2 |      57 |       0 |   0.0 |      17 |       0 |   0.0
        D:3 |     141 |       0 |   0.0 |      20 |       0 |   0.0
        D:4 |     177 |       3 |   1.7 |      19 |       1 |   5.0
        D:5 |     187 |       0 |   0.0 |      10 |       0 |   0.0
            +---------+---------+-------+---------+---------+-------
